[Event "Titled Tuesday Blitz January 10 Early 2023"]
[White "Czernek, Tymon"]
[Black "Bilych, Olexiy"]
[WhiteFideId "1199510"]
[BlackFideId "14156504"]
[WhiteElo "2314"]
[BlackElo "2441"]
[Result "1/2-1/2"]
[Round "10"]
[TimeControl "180+2"]
[Date "2023.01.10"]
[WhiteClock "0:00:04"]
[BlackClock "0:00:10"]

1. e4 e5 2. Nf3 Nc6 3. Bc4 Bc5 4. O-O Nf6 5. d3 O-O 6. h3 h6 7. Re1 d6 8. c3 a5 9. Nbd2 Ba7 10. Nf1 Ne7 11. Ng3 c6 12. Bb3 Ng6 13. d4 Re8 14. Qc2 Be6 15. Bxe6 Rxe6 16. dxe5 dxe5 17. Nf5 Qc7 18. Rd1 Ree8 19. b3 Bc5 20. Be3 Bxe3 21. fxe3 Rad8 22. g4 Rxd1+ 23. Rxd1 Rd8 24. Rd2 Rd7 25. c4 Rxd2 26. Nxd2 Nf8 27. c5 Ne6 28. a3 Nd7 29. b4 axb4 30. axb4 b6 31. cxb6 Qxb6 32. Qxc6 Qxc6 33. Ne7+ Kf8 34. Nxc6 f6 35. Nc4 Ke8 36. b5 Ng5 37. b6 Nc5 38. N4a5 Kd7 39. b7 Nxb7 40. Nxe5+ Ke6 41. Nxb7 Kxe5 42. Kg2 Kxe4 43. Nd6+ Kxe3 44. Ne8 Ne6 45. Kg3 Ke4 46. Nd6+ Kd5 47. Nf5 Kc6 48. h4 Kd7 49. h5 Ke8 50. Kf3 Kf7 51. Ke4 Ng5+ 52. Kf4 Ne6+ 53. Ke4 Nc5+ 54. Kf4 Nd3+ 55. Ke4 Nb2 56. Nd6+ Ke6 57. Nf5 Kf7 58. Nd6+ Kf8 59. Kf5 Nd3 60. Ke4 Nc5+ 61. Kf4 Nd7 62. Nf5 Kf7 63. Nd6+ Kg8 64. Nf5 Nf8 65. Ne7+ Kf7 66. Nf5 Nh7 67. Nd6+ Ke6 68. Nf5 Kf7 69. Nd6+ Kf8 70. Nf5 Ng5 71. Nd6 Ne6+ 72. Ke4 Ke7 73. Nf5+ Kf7 74. Nd6+ Kg8 75. Nf5 Nd8 76. Ne7+ Kf7 77. Nf5 Nb7 78. Kf4 Ke6 79. Nxg7+ Kf7 80. Nf5 Nc5 81. Nxh6+ Kg7 82. Nf5+ Kh7 83. Nd4 Nd3+ 84. Kf5 Nf2 85. Nc6 Kh6 86. Nd8 Kg7 87. Ne6+ Kh7 88. Nf4 Kg7 89. Nd5 Kh6 90. Nxf6 Nh3 91. Ne4 Ng1 92. Nd6 Nf3 93. Nf7+ Kg7 94. Ne5 Nd4+ 95. Kg5 Ne6+ 96. Kf5 Nd4+ 97. Ke4 Ne6 98. Nf3 Kf6 99. Nd4 Nc5+ 100. Kf4 Nd3+ 101. Ke3 Ne5 102. Kf4 Nd3+ 103. Kg3 Ne5 104. Nf3 Nd3 105. Kh4 Nf4 106. g5+ Kf5 107. Nd4+ Ke5 108. g6 Kf6 109. Kg4 Nxg6 110. hxg6 Kxg6 1/2-1/2


[Site "https://www.chess.com"]

[Event "Titled Tuesday Blitz January 10 Early 2023"]
[White "Karthik Rajaa"]
[Black "Mohamed Anees M"]
[WhiteFideId "25035215"]
[BlackFideId "35065815"]
[WhiteElo "2276"]
[BlackElo "2315"]
[Result "1-0"]
[Round "10"]
[TimeControl "180+2"]
[Date "2023.01.10"]
[WhiteClock "0:00:49"]
[BlackClock "0:00:43"]

1. e4 c5 2. Nf3 e6 3. c3 d5 4. exd5 Qxd5 5. Bb5+ Nc6 6. O-O Nf6 7. Na3 Be7 8. d4 cxd4 9. c4 Qh5 10. Nxd4 Qxd1 11. Rxd1 Bd7 12. Bxc6 Bxc6 13. Nxc6 Bxa3 14. Na5 Bb4 15. Nxb7 Rb8 16. Nd6+ Ke7 17. Nb5 a6 18. Nd4 Rhc8 19. b3 Bc3 20. Ba3+ Ke8 21. Rac1 Bxd4 22. Rxd4 a5 23. Bd6 Rb7 24. f3 Nd7 25. c5 Rc6 26. Ra4 Rb5 27. Rac4 f6 28. f4 Kf7 29. R1c3 Nb6 30. cxb6 Rxd6 31. Rc7+ Kf8 32. Rg3 g5 33. b7 Rdb6 34. Rd3 Ke8 35. Rdd7 gxf4 36. Rxh7 Kd8 37. Rc8# 1-0


[Site "https://www.chess.com"]

[Event "Titled Tuesday Blitz January 10 Early 2023"]
[White "Samunenkov, Ihor"]
[Black "Garakov, Mikhael"]
[WhiteFideId "14187086"]
[BlackFideId "4169034"]
[WhiteElo "2501"]
[BlackElo "2447"]
[Result "1-0"]
[Round "10"]
[TimeControl "180+2"]
[Date "2023.01.10"]
[WhiteClock "0:00:12"]
[BlackClock "0:00:04"]

1. d4 Nf6 2. Nf3 c5 3. d5 g6 4. Nc3 Bg7 5. e4 d6 6. Bc4 O-O 7. O-O Bg4 8. h3 Bxf3 9. Qxf3 Nfd7 10. Be2 Na6 11. Bf4 Rb8 12. Qe3 Nc7 13. a4 a6 14. a5 b5 15. axb6 Nxb6 16. b3 Nb5 17. Nxb5 axb5 18. Ra2 b4 19. Bh6 Bxh6 20. Qxh6 Ra8 21. Rfa1 Qc7 22. Bb5 Rxa2 23. Rxa2 Ra8 24. Rxa8+ Nxa8 25. Bc6 Nb6 26. Qe3 Qa7 27. g3 Qa1+ 28. Kg2 Kg7 29. Qd3 Qa5 30. h4 Nc8 31. Qe2 Na7 32. Ba4 Qc7 33. Qa6 Nc8 34. Bc6 Nb6 35. Qa5 h5 36. Qa6 e5 37. Qa1 Nc8 38. Qa8 Ne7 39. Qe8 f5 40. Bd7 fxe4 41. Qxe7+ Kh6 42. Qf8+ Kh7 43. Be6 1-0


[Site "https://www.chess.com"]

[Event "Titled Tuesday Blitz January 10 Early 2023"]
[White "Jovic, Stanoje"]
[Black "Halkias, Stelios"]
[WhiteFideId "905020"]
[BlackFideId "4201809"]
[WhiteElo "2075"]
[BlackElo "2511"]
[Result "0-1"]
[Round "10"]
[TimeControl "180+2"]
[Date "2023.01.10"]
[WhiteClock "0:00:03"]
[BlackClock "0:00:16"]

1. c4 Nf6 2. g3 e6 3. Bg2 d5 4. Nf3 Be7 5. O-O O-O 6. d4 c6 7. b3 b6 8. Qc2 c5 9. Ne5 Bb7 10. dxc5 bxc5 11. cxd5 exd5 12. Rd1 Qc7 13. Bf4 g5 14. Ng6 gxf4 15. Nxf8 Bxf8 16. Qf5 Nbd7 17. Nc3 Re8 18. Nxd5 Bxd5 19. Bxd5 fxg3 20. hxg3 Rxe2 21. Bc4 Re7 22. Re1 Qd8 23. g4 Nb6 24. Qg5+ Bg7 25. Qxc5 Ne4 26. Qf5 Nxc4 27. bxc4 Bxa1 28. Rxe4 Rxe4 29. Qxe4 Kg7 30. c5 Qd4 31. Qc2 Qxg4+ 32. Kf1 Be5 33. c6 Qf4 34. Qb3 h5 0-1


[Site "https://www.chess.com"]

[Event "Titled Tuesday Blitz January 10 Early 2023"]
[White "Manelyuk, Daniil"]
[Black "Molina, Roberto Junio Brito"]
[WhiteFideId "44173920"]
[BlackFideId "2109450"]
[WhiteElo "2302"]
[BlackElo "2403"]
[Result "0-1"]
[Round "10"]
[TimeControl "180+2"]
[Date "2023.01.10"]
[WhiteClock "0:01:56"]
[BlackClock "0:02:01"]

1. e4 c6 2. d4 d5 3. e5 Bf5 4. h4 Qb6 5. g4 Bd7 6. f4 c5 7. Bh3 cxd4 8. Nf3 Nc6 9. Nbd2 h5 10. gxh5 Bxh3 11. Rxh3 e6 12. Nb3 Bb4+ 13. Kf2 Nh6 14. Nfxd4 Nf5 15. c3 Be7 16. Kf3 Rxh5 17. Nxf5 Rxf5 18. Kg2 O-O-O 19. Be3 Qa6 20. Qf1 Qa4 21. Qd3 Rh8 22. Rah1 Qxa2 23. Qc2 Qa4 24. Nd4 Qxc2+ 25. Nxc2 g6 26. Ne1 Rfh5 27. Nf3 a6 28. b3 b5 29. c4 dxc4 30. bxc4 b4 31. Kg3 a5 32. Ra1 Kb7 33. Rh2 Rd8 34. Nd2 Rd3 35. Kf3 Bc5 36. Re1 Bxe3 37. Rxe3 Rxe3+ 38. Kxe3 Kb6 39. Ne4 a4 40. c5+ Kb5 41. Nd6+ Kxc5 42. Rc2+ Kb6 43. Nc8+ Kb7 44. Nd6+ Kc7 45. Ne8+ Kb6 46. Nd6 Rxh4 47. Nc8+ Kb7 48. Nd6+ Kc7 49. Nxf7 Rh3+ 50. Ke4 b3 51. Rd2 a3 52. Ng5 Rc3 53. Nxe6+ Kb6 54. Nd4 Nxd4 55. Kxd4 Rc8 56. Rd3 Rd8+ 57. Kc3 Rxd3+ 58. Kxd3 a2 59. e6 a1=Q 60. e7 Qh8 61. Kc4 Qe8 62. Kxb3 Qxe7 63. Kc3 Qe4 64. Kb3 Qxf4 65. Ka3 Kc6 66. Ka2 Kd6 67. Kb2 Ke5 68. Kb1 Ke6 69. Ka1 Kf5 70. Kb1 Kf6 71. Ka1 Kg5 72. Kb1 Kh6 73. Ka1 Kh7 74. Kb1 Kg7 75. Ka1 Kg8 76. Kb1 Kf7 77. Ka1 Kf8 78. Kb1 Ke7 79. Ka1 Ke8 80. Kb1 Kd7 81. Ka1 Kd8 82. Kb1 Kc7 83. Ka1 Kc8 84. Kb1 Kb7 85. Ka1 Kb8 86. Kb1 Qg3 87. Ka1 Ka7 88. Kb1 Ka6 89. Ka1 Kb6 90. Kb1 Kc5 91. Ka1 Qh2 92. Kb1 Qe2 93. Ka1 Qd2 94. Kb1 Kd4 95. Ka1 g5 96. Kb1 Ke5 97. Ka1 Kf5 98. Kb1 Kf6 99. Ka1 Kg6 100. Kb1 Kg7 101. Ka1 Kf7 102. Kb1 Kf8 103. Ka1 Ke7 104. Kb1 Ke8 105. Ka1 Kd7 106. Kb1 Kd8 107. Ka1 Kc7 108. Kb1 Kc8 109. Ka1 Kb7 110. Kb1 Kb8 111. Ka1 Ka7 112. Kb1 Ka8 113. Ka1 g4 114. Kb1 Kb8 115. Ka1 Kb7 116. Kb1 Kc8 117. Ka1 Kc7 118. Kb1 Kd8 119. Ka1 Kd7 120. Kb1 Ke8 121. Ka1 Ke7 122. Kb1 Kf8 123. Ka1 Kf7 124. Kb1 Kg8 125. Ka1 Kg7 126. Kb1 Kh8 127. Ka1 Kh7 128. Kb1 Kh6 129. Ka1 Kh5 130. Kb1 Kg6 131. Ka1 Kg5 132. Kb1 Kf6 133. Ka1 Kf5 134. Kb1 Ke6 135. Ka1 Ke5 136. Kb1 Kd6 137. Ka1 Kd5 138. Kb1 g3 139. Ka1 Kc6 140. Kb1 Kc5 141. Ka1 Kb6 142. Kb1 Kb5 143. Ka1 Ka5 144. Kb1 Ka6 145. Ka1 Ka7 146. Kb1 Ka8 147. Ka1 Kb7 148. Kb1 Kb8 149. Ka1 Kc7 150. Kb1 Kc8 151. Ka1 Kd7 152. Kb1 Kd8 153. Ka1 Ke7 154. Kb1 Ke8 155. Ka1 Kf7 156. Kb1 Kf8 157. Ka1 Kg7 158. Kb1 Kg8 159. Ka1 Kh7 160. Kb1 Kh8 161. Ka1 Kg7 162. Kb1 Kh6 163. Ka1 g2 164. Kb1 Kh5 165. Ka1 Kg6 166. Kb1 Kg5 167. Ka1 Kf6 168. Kb1 Kf5 169. Ka1 Ke6 170. Kb1 Ke5 171. Ka1 Kd6 172. Kb1 Kd5 173. Ka1 Kc6 174. Kb1 Kc5 175. Ka1 Kb6 176. Kb1 Kb5 177. Ka1 Ka6 178. Kb1 Ka5 179. Ka1 Ka4 180. Kb1 Kb4 181. Ka1 Kc4 182. Kb1 Kd4 183. Ka1 Ke4 184. Kb1 Kf4 185. Ka1 Kg4 186. Kb1 g1=Q# 0-1


[Site "https://www.chess.com"]

[Event "Titled Tuesday Blitz January 10 Early 2023"]
[White "Maksimenko, Viktor"]
[Black "Indjic, Aleksandar"]
[WhiteFideId "13710478"]
[BlackFideId "911925"]
[WhiteElo "2196"]
[BlackElo "2618"]
[Result "1/2-1/2"]
[Round "10"]
[TimeControl "180+2"]
[Date "2023.01.10"]
[WhiteClock "0:00:14"]
[BlackClock "0:00:41"]

1. d4 Nf6 2. c4 e6 3. Nf3 c5 4. d5 d6 5. Nc3 exd5 6. cxd5 g6 7. Bf4 Bg7 8. h3 O-O 9. e3 Ne8 10. Be2 Nd7 11. O-O Ne5 12. Nd2 Bd7 13. Bh2 Qe7 14. Re1 f5 15. a4 g5 16. f4 Ng6 17. Bf1 g4 18. g3 gxh3 19. Bxh3 Bxc3 20. bxc3 Nf6 21. c4 Rae8 22. Qc2 Ne4 23. Nxe4 Qxe4 24. Qxe4 Rxe4 25. Bf1 Rfe8 26. Kf2 h6 27. Bd3 Nf8 28. g4 fxg4 29. f5 R4e5 30. Bxe5 Rxe5 31. Kg3 h5 32. Kf4 Nh7 33. Reb1 Bc8 34. a5 Kg7 35. Rb2 Nf6 36. Rab1 Re7 37. e4 Kh6 38. Rh2 Rg7 39. Rg1 Re7 40. Re1 Re5 41. Reh1 Bd7 42. Rb1 Bc8 43. Rbh1 Re7 44. Re1 Bd7 45. Rb1 Be8 46. Rg1 Bd7 47. Rb1 Bc8 48. Re1 1/2-1/2


[Site "https://www.chess.com"]

[Event "Titled Tuesday Blitz January 10 Early 2023"]
[White "Ozen, Bahadir"]
[Black "Sokolovsky, Yahli"]
[WhiteFideId "6337058"]
[BlackFideId "2820242"]
[WhiteElo "2369"]
[BlackElo "2461"]
[Result "1/2-1/2"]
[Round "10"]
[TimeControl "180+2"]
[Date "2023.01.10"]
[WhiteClock "0:00:02"]
[BlackClock "0:00:02"]

1. g3 g6 2. Bg2 Bg7 3. d4 d5 4. Nf3 f5 5. O-O e6 6. b3 Nf6 7. Ba3 Bf8 8. Bxf8 Kxf8 9. c4 c6 10. Nbd2 Kg7 11. Ne5 Nbd7 12. Ndf3 Nxe5 13. Nxe5 Nd7 14. Nd3 Qf6 15. e3 a5 16. Qc2 h5 17. f4 h4 18. Kf2 g5 19. Ne5 Nxe5 20. dxe5 Qe7 21. Qc3 g4 22. Rfc1 Bd7 23. cxd5 cxd5 24. Qc5 Qf7 25. a3 hxg3+ 26. hxg3 Rh2 27. Rh1 Rxh1 28. Rxh1 Rc8 29. Qxa5 Rc2+ 30. Kg1 Bc6 31. Qd8 Rxg2+ 32. Kf1 Qf8 33. Rh7+ Kxh7 34. Qxf8 Rxg3 35. Qf7+ Kh8 36. Qxe6 Rxe3 37. Qf6+ Kg8 38. e6 d4 39. Qf7+ Kh8 40. e7 d3 41. Qf6+ Kg8 42. Qg6+ Kh8 43. Qf6+ Kg8 44. Qf8+ Kh7 45. Qf7+ Kh8 46. Qf6+ 1/2-1/2


[Site "https://www.chess.com"]

[Event "Titled Tuesday Blitz January 10 Early 2023"]
[White "Yuan, Qingyu"]
[Black "Perez Rodriguez, Luis Manuel"]
[WhiteFideId "8609772"]
[BlackFideId "3503364"]
[WhiteElo "2373"]
[BlackElo "2329"]
[Result "0-1"]
[Round "10"]
[TimeControl "180+2"]
[Date "2023.01.10"]
[WhiteClock "0:00:05"]
[BlackClock "0:00:40"]

1. e4 e5 2. Nf3 Nc6 3. Bb5 a6 4. Ba4 Nf6 5. d3 b5 6. Bb3 Bc5 7. Nc3 h6 8. Nd5 d6 9. c3 O-O 10. Nxf6+ Qxf6 11. Bd5 Bd7 12. Rg1 Ne7 13. Bxa8 Rxa8 14. Be3 Bxe3 15. fxe3 d5 16. Nd2 Qh4+ 17. g3 Qxh2 18. Nf3 Qxb2 19. Rc1 dxe4 20. Nxe5 Qh2 21. Rf1 Bh3 22. Rf2 Qxg3 23. Qh5 Qxe3+ 24. Kd1 Qxf2 25. Qxh3 Nf5 26. Ng4 Qxa2 27. Nf6+ gxf6 28. Qxf5 exd3 29. Qxd3 Re8 30. Rc2 Qb1+ 0-1


[Site "https://www.chess.com"]

[Event "Titled Tuesday Blitz January 10 Early 2023"]
[White "Crevatin, Leo"]
[Black "Shipov, Sergei"]
[WhiteFideId "1726307"]
[BlackFideId "4113624"]
[WhiteElo "2292"]
[BlackElo "2541"]
[Result "0-1"]
[Round "10"]
[TimeControl "180+2"]
[Date "2023.01.10"]
[WhiteClock "0:00:04"]
[BlackClock "0:00:36"]

1. d4 d5 2. c4 dxc4 3. Nf3 Nf6 4. e3 e6 5. Bxc4 c5 6. O-O Nc6 7. dxc5 Qxd1 8. Rxd1 Bxc5 9. b3 O-O 10. Bb2 Be7 11. Nc3 a6 12. Be2 b5 13. Ng5 Bb7 14. Bf3 Rfd8 15. Nge4 Ne8 16. Ne2 f5 17. N4c3 Kf7 18. Kf1 Nf6 19. Rac1 Rac8 20. Rxd8 Nxd8 21. Bxb7 Nxb7 22. Nd4 Nd7 23. Ke2 Nb6 24. f3 Bf6 25. Rd1 g6 26. Nb1 e5 27. Nxb5 Rc2+ 28. Kf1 axb5 29. Rd2 Rxd2 30. Nxd2 Nc5 31. Ke2 e4 32. Ba3 exf3+ 33. gxf3 Na6 34. Bd6 Ke6 35. Bg3 Nb4 36. a3 Nc2 37. a4 bxa4 38. bxa4 Nxa4 39. Kd3 Nb4+ 40. Kc4 Nd5 41. e4 fxe4 42. Nxe4 Be7 43. Bb8 Ne3+ 44. Kd3 Nf5 45. Kc4 Nb6+ 46. Kd3 Nd5 47. h3 Nh4 48. Kd4 Nxf3+ 49. Kd3 Nh4 50. Kd4 Nf5+ 51. Kd3 g5 52. Bh2 Nf4+ 53. Bxf4 gxf4 54. Ke2 Ke5 55. Nf2 Nh4 56. Nd3+ Kf5 57. Nf2 Bc5 58. Ng4 f3+ 59. Kf1 h5 60. Nh2 Kf4 61. Ke1 Ng2+ 62. Kf1 Ne3+ 63. Kf2 Ng4+ 0-1


[Site "https://www.chess.com"]

[Event "Titled Tuesday Blitz January 10 Early 2023"]
[White "Cherniaiev, Tykhon"]
[Black "Rangel, Daniel"]
[WhiteFideId "14182360"]
[BlackFideId "2124475"]
[WhiteElo "2330"]
[BlackElo "2207"]
[Result "1-0"]
[Round "10"]
[TimeControl "180+2"]
[Date "2023.01.10"]
[WhiteClock "0:00:04"]
[BlackClock "0:00:04"]

1. Nf3 Nf6 2. d4 d5 3. c4 c6 4. e3 e6 5. Bd3 dxc4 6. Bxc4 b5 7. Bd3 Nbd7 8. O-O Bd6 9. Nbd2 e5 10. dxe5 Nxe5 11. Nxe5 Bxe5 12. Nf3 Bc7 13. h3 O-O 14. b3 a6 15. Bb2 c5 16. Qc2 Bb7 17. Rad1 Qe7 18. Bxf6 Qxf6 19. Bxh7+ Kh8 20. Be4 Bxe4 21. Qxe4 g6 22. Rd5 Rac8 23. Rfd1 c4 24. bxc4 bxc4 25. Rc1 c3 26. Ng5 Kg7 27. Qg4 Rfd8 28. Ne4 Qe7 29. Rxd8 Rxd8 30. Nxc3 Qe5 31. g3 Rd2 32. Qf3 Ba5 33. Ne4 Rxa2 34. h4 Ra1 35. Rxa1 Qxa1+ 36. Kg2 Qe5 37. Ng5 Qf6 38. Qb7 Bc3 39. Ne4 Qe5 40. Nxc3 Qxc3 41. Qxa6 Qe5 42. Qc4 Qe7 43. Qd4+ Kg8 44. Kf3 Qb7+ 45. Qe4 Qb2 46. Qa8+ Kh7 47. Qd5 Qf6+ 48. Kg2 Kg8 49. h5 gxh5 50. Qxh5 Qc6+ 51. Qf3 Qc2 52. Qg4+ Kf8 53. Qf4 Qa2 54. g4 Qe2 55. g5 Qa2 56. g6 Qd5+ 57. f3 f5 58. Qh6+ Ke8 59. Qh8+ Kd7 60. Qg7+ Kc6 61. Qf6+ Kb5 62. g7 Qd2+ 63. Kg3 Qe1+ 64. Kf4 Qh4+ 65. Qxh4 1-0


[Site "https://www.chess.com"]

[Event "Titled Tuesday Blitz January 10 Early 2023"]
[White "Gaitan, Juan Manuel"]
[Black "Borges Feria, Yasel"]
[WhiteFideId "121657"]
[BlackFideId "3504921"]
[WhiteElo "2328"]
[BlackElo "2439"]
[Result "1-0"]
[Round "10"]
[TimeControl "180+2"]
[Date "2023.01.10"]
[WhiteClock "0:00:21"]
[BlackClock "0:00:32"]

1. d4 Nf6 2. c4 e6 3. Nf3 Bb4+ 4. Nbd2 O-O 5. a3 Be7 6. e4 d5 7. e5 Nfd7 8. h4 c5 9. Bd3 h6 10. Nb3 cxd4 11. cxd5 exd5 12. Nbxd4 Re8 13. O-O Bxh4 14. Nf5 Be7 15. Bc2 Nf8 16. Qd3 Nc6 17. Re1 Be6 18. Bf4 Qd7 19. Nxe7+ Nxe7 20. Nd4 Nc6 21. Ba4 Nxe5 22. Qc2 Nc6 23. Nxc6 Rac8 24. Nd4 Rxc2 25. Bxd7 Rec8 26. Bxc8 Rxc8 27. Rac1 Rd8 28. Rc7 b6 29. Rxa7 Rc8 30. Rc7 Ra8 31. Rb7 Ra4 32. Nxe6 fxe6 33. Be5 Rg4 34. f3 Rg5 35. Bc3 Kh7 36. Kf2 h5 37. Re5 1-0


[Site "https://www.chess.com"]

[Event "Titled Tuesday Blitz January 10 Early 2023"]
[White "Tan, Zhongyi"]
[Black "Khamdamova, Afruza"]
[WhiteFideId "8603642"]
[BlackFideId "14210444"]
[WhiteElo "2517"]
[BlackElo "2162"]
[Result "1-0"]
[Round "10"]
[TimeControl "180+2"]
[Date "2023.01.10"]
[WhiteClock "0:00:13"]
[BlackClock "0:00:05"]

1. e4 e5 2. Nf3 Nf6 3. Nxe5 d6 4. Nf3 Nxe4 5. d4 d5 6. Bd3 Be7 7. O-O Nc6 8. c4 Nf6 9. Nc3 O-O 10. h3 h6 11. Re1 Nb4 12. Bf1 dxc4 13. Bxc4 c6 14. Ne5 Nbd5 15. Qf3 Be6 16. Ng6 Re8 17. Nxe7+ Rxe7 18. Bd2 Qd7 19. Bb3 Rae8 20. Na4 b6 21. Rad1 Bf5 22. Nc3 Rxe1+ 23. Rxe1 Rxe1+ 24. Bxe1 Be6 25. Bd2 Nxc3 26. bxc3 Bxb3 27. axb3 Qe6 28. c4 Qd6 29. Qd3 Nd7 30. Be3 Nc5 31. Qc2 Ne6 32. Qe4 Qd7 33. d5 cxd5 34. Qxd5 Qxd5 35. cxd5 Nc5 36. b4 Nd7 37. Kf1 Kf8 38. Ke2 Ke7 39. Kd3 Kd6 40. Kd4 g5 41. h4 f6 42. f4 gxh4 43. f5 h5 44. Bf4+ Ke7 45. d6+ Kf7 46. Kd5 Nb8 47. b5 h3 48. gxh3 h4 49. Bh2 a6 50. bxa6 Nxa6 51. Kc6 Nb8+ 52. Kc7 Na6+ 53. Kxb6 Nb8 54. Kc7 Na6+ 55. Kc8 1-0


[Site "https://www.chess.com"]

[Event "Titled Tuesday Blitz January 10 Early 2023"]
[White "Andreev, Eduard"]
[Black "Tanenbaum, Zachary"]
[WhiteFideId "14103400"]
[BlackFideId "2060850"]
[WhiteElo "2413"]
[BlackElo "2261"]
[Result "1-0"]
[Round "10"]
[TimeControl "180+2"]
[Date "2023.01.10"]
[WhiteClock "0:01:01"]
[BlackClock "0:00:09"]

1. e4 e5 2. Nf3 Nc6 3. d4 exd4 4. Nxd4 Bc5 5. Nb3 Bb6 6. Qe2 Nf6 7. e5 Nd5 8. c4 Ndb4 9. c5 Bxc5 10. Nxc5 Nd4 11. Qg4 Ndc2+ 12. Ke2 O-O 13. Bh6 g6 14. Na3 d6 15. Qc4 Nxa1 16. Ne4 d5 17. Qxb4 dxe4 18. Qxf8+ Qxf8 19. Bxf8 Kxf8 20. Ke3 Be6 21. Be2 Bxa2 22. Rxa1 Bd5 23. Nb5 c6 24. Rxa7 Re8 25. Nd6 Rxe5 26. Rxb7 Kg7 27. Bc4 Bxc4 28. Nxc4 Rg5 29. g3 Rf5 30. Nd2 Rh5 31. h4 Rd5 32. Nxe4 Re5 33. Kd4 Rd5+ 34. Ke3 Re5 35. f4 Re8 36. Kf3 Re6 37. Ng5 Rf6 38. Ke4 h6 39. Nf3 Re6+ 40. Ne5 Rf6 41. Kd4 h5 42. Kc5 Rf5 43. Rxf7+ Rxf7 44. Nxf7 Kf6 45. Kxc6 Kf5 46. Ne5 g5 47. hxg5 Ke6 48. b4 h4 49. gxh4 Kf5 50. b5 Ke4 51. b6 Kf5 52. b7 Ke4 53. b8=Q Ke3 54. h5 Kf2 55. h6 Kg3 56. h7 Kg2 57. Qb3 Kg1 58. h8=Q Kf2 59. Qa8 Kg1 60. Qa1+ Kf2 61. Qaa2+ Ke1 62. Qbb1# 1-0


[Site "https://www.chess.com"]

[Event "Titled Tuesday Blitz January 10 Early 2023"]
[White "Krienke, Makaio"]
[Black "Begmuratov, Khumoyun"]
[WhiteFideId "2038854"]
[BlackFideId "14210207"]
[WhiteElo "2115"]
[BlackElo "2387"]
[Result "1-0"]
[Round "10"]
[TimeControl "180+2"]
[Date "2023.01.10"]
[WhiteClock "0:00:24"]
[BlackClock "0:00:04"]

1. e4 e5 2. Nf3 Nc6 3. Bb5 Nf6 4. O-O Nxe4 5. Re1 Nd6 6. Nxe5 Be7 7. Nxc6 dxc6 8. Bf1 O-O 9. d3 Bf6 10. Nc3 Bf5 11. Bf4 Qd7 12. Be5 Bxe5 13. Rxe5 Rfe8 14. Rxe8+ Rxe8 15. Qd2 Qe7 16. h3 h6 17. Be2 Qf6 18. Bf3 Bxh3 19. Re1 Rxe1+ 20. Qxe1 Be6 21. Na4 Bd5 22. Bxd5 cxd5 23. Qa5 Qd4 24. Qxc7 Qxa4 25. Qxd6 Qxa2 26. Qb8+ Kh7 27. Qxb7 Qb1+ 28. Kh2 Qxc2 29. Qxd5 Qxf2 30. Qe4+ f5 31. Qe5 Kg6 32. Qe6+ Kh5 33. Qf7+ g6 34. Qb7 Kh4 35. Qb4+ f4 36. Qe7+ g5 37. Qe6 Qg3+ 38. Kg1 h5 39. d4 Qg4 40. d5 Qd1+ 41. Kh2 Qd3 42. Qh3+ Qxh3+ 43. gxh3 g4 44. d6 f3 45. d7 g3+ 46. Kg1 Kxh3 47. d8=Q f2+ 48. Kf1 h4 49. Qg5 a6 50. b4 a5 51. bxa5 Kh2 52. Qxh4# 1-0


[Site "https://www.chess.com"]

[Event "Titled Tuesday Blitz January 10 Early 2023"]
[White "Berezin, Viktor"]
[Black "Wagner, Dennis"]
[WhiteFideId "14107872"]
[BlackFideId "24650684"]
[WhiteElo "2307"]
[BlackElo "2595"]
[Result "1-0"]
[Round "10"]
[TimeControl "180+2"]
[Date "2023.01.10"]
[WhiteClock "0:00:39"]
[BlackClock "0:00:07"]

1. d4 Nf6 2. Nf3 g6 3. g3 Bg7 4. Bg2 O-O 5. O-O d5 6. c4 dxc4 7. Na3 c3 8. bxc3 c5 9. e3 Nc6 10. Bb2 Be6 11. c4 Bf5 12. d5 Nb4 13. Nd2 Bd3 14. Re1 Qa5 15. Nb3 Qb6 16. Nc1 Be4 17. Bxe4 Nxe4 18. Bxg7 Kxg7 19. f3 Qf6 20. Nb3 Ng5 21. Kg2 Qb2+ 22. Re2 Qxa3 23. h4 Nxf3 24. Kxf3 b6 25. Qd2 Rad8 26. Qc3+ f6 27. h5 e6 28. hxg6 hxg6 29. e4 a5 30. Rh1 Rh8 31. Reh2 Rxh2 32. Rxh2 a4 33. Qe3 g5 34. e5 axb3 35. exf6+ Kxf6 36. Rh6+ Kf7 37. Qxe6+ Kg7 38. Qf6+ 1-0


[Site "https://www.chess.com"]

[Event "Titled Tuesday Blitz January 10 Early 2023"]
[White "Kuznetsova, Olga"]
[Black "Arabidze, Meri"]
[WhiteFideId "4191323"]
[BlackFideId "13604040"]
[WhiteElo "2142"]
[BlackElo "2441"]
[Result "0-1"]
[Round "10"]
[TimeControl "180+2"]
[Date "2023.01.10"]
[WhiteClock "0:00:19"]
[BlackClock "0:00:16"]

1. d4 Nf6 2. Nd2 d5 3. Ngf3 c5 4. dxc5 Na6 5. Nb3 e6 6. Be3 Ne4 7. c3 Be7 8. g3 O-O 9. Bg2 Naxc5 10. Nxc5 Bxc5 11. Bxc5 Nxc5 12. O-O b6 13. Qc2 Ba6 14. Rad1 Qf6 15. Rfe1 Rac8 16. Qd2 h6 17. Qd4 Qxd4 18. Nxd4 Na4 19. Rd2 Rc7 20. e4 dxe4 21. Bxe4 Nc5 22. Bc2 g6 23. Red1 e5 24. Nf3 e4 25. Nd4 Nd3 26. Bxd3 exd3 27. Re1 Rc5 28. Re3 Rd8 29. f4 Rc7 30. Kf2 Bc4 31. a3 a5 32. Nf3 f6 33. Nd4 Kf7 34. f5 gxf5 35. Nxf5 h5 36. Re4 b5 37. Rd4 Rxd4 38. Nxd4 a4 39. Rd1 Re7 40. Rd2 Re5 41. Kf3 Kg6 42. h4 Re1 43. Kf4 Rf1+ 44. Ke3 Rg1 45. Kf2 Rh1 46. Nf3 Kf5 47. Ke3 Kg4 48. Rg2 Kh3 49. Rd2 Kxg3 50. Nd4 Re1+ 0-1


[Site "https://www.chess.com"]

[Event "Titled Tuesday Blitz January 10 Early 2023"]
[White "Kazancev, Valerij M"]
[Black "Krysa, Leandro"]
[WhiteFideId "4179609"]
[BlackFideId "116807"]
[WhiteElo "2313"]
[BlackElo "2541"]
[Result "0-1"]
[Round "10"]
[TimeControl "180+2"]
[Date "2023.01.10"]
[WhiteClock "0:00:01"]
[BlackClock "0:00:03"]

1. c4 c6 2. Nf3 d5 3. g3 Nf6 4. Bg2 Bg4 5. O-O e6 6. Ne5 Bh5 7. d4 Nbd7 8. Nc3 Be7 9. h3 O-O 10. g4 Bg6 11. Nxg6 hxg6 12. cxd5 exd5 13. Bf4 Re8 14. Rb1 a5 15. a3 Nb6 16. e3 Nc4 17. Qd3 Bd6 18. Bg5 b5 19. e4 dxe4 20. Nxe4 Rc8 21. Rfd1 Be7 22. Bxf6 Bxf6 23. a4 Nd6 24. d5 Nxe4 25. Bxe4 cxd5 26. Bxd5 bxa4 27. Qb5 Qe7 28. Qxa4 Rc5 29. Qb3 Bg5 30. Qf3 Rc2 31. Kg2 Be3 32. Rf1 Bb6 33. Rbe1 Qd7 34. Rxe8+ Qxe8 35. b3 Qe7 36. Kg3 Bc7+ 37. Kg2 Kf8 38. h4 f6 39. g5 Qe5 40. Rh1 Bb6 41. Rf1 Rc3 42. Qe4 Qxe4+ 43. Bxe4 f5 44. Bd5 Rc2 45. Kf3 Ke7 46. Re1+ Kd6 47. Bf7 Rxf2+ 48. Kg3 f4+ 49. Kg4 Be3 50. Rd1+ Kc5 51. Bxg6 Rg2+ 52. Kf3 Rg3+ 53. Ke4 Rh3 54. h5 Rg3 55. h6 gxh6 56. gxh6 Rxg6 57. h7 Rh6 58. Rd5+ Kb4 59. Rd7 Kxb3 60. Kf3 a4 61. Rb7+ Ka2 62. Kg4 a3 63. Kg5 f3+ 64. Kg4 f2 65. h8=Q Rxh8 66. Rb2+ axb2 0-1


[Site "https://www.chess.com"]

[Event "Titled Tuesday Blitz January 10 Early 2023"]
[White "Volkov, Maksim"]
[Black "Sihite, Chelsie Monica Ignesias"]
[WhiteFideId "54123070"]
[BlackFideId "7101198"]
[WhiteElo "2258"]
[BlackElo "2266"]
[Result "1-0"]
[Round "10"]
[TimeControl "180+2"]
[Date "2023.01.10"]
[WhiteClock "0:00:41"]
[BlackClock "0:00:05"]

1. d4 Nf6 2. c4 e6 3. g3 d5 4. Nf3 Be7 5. Bg2 O-O 6. O-O dxc4 7. Na3 c5 8. Nxc4 Nc6 9. dxc5 Bxc5 10. a3 a5 11. b3 h6 12. Bb2 Qe7 13. Nfe5 Rd8 14. Nxc6 bxc6 15. Qc2 Nd5 16. Ne5 Bb7 17. Rfc1 Bb6 18. Nxc6 Bxc6 19. Qxc6 Rac8 20. Qb5 Rb8 21. Qa4 Qa7 22. e3 Nxe3 23. fxe3 Bxe3+ 24. Kh1 Bxc1 25. Rxc1 Qf2 26. Bc3 Rbc8 27. Rf1 Qe2 28. Bxa5 Ra8 29. b4 Rd2 30. Qc6 Ra6 31. Qf3 Qxf3 32. Bxf3 Ra2 33. Bb7 Ra7 34. Be4 Rxa3 35. Bb6 Rd7 36. Rc1 f5 37. Bc6 Rd2 38. b5 Raa2 39. Bg1 Rab2 40. b6 g5 41. b7 f4 42. gxf4 gxf4 43. Ba7 Rxh2+ 44. Kg1 Rhd2 45. b8=Q+ Rxb8 46. Bxb8 Rd4 47. Be5 Rb4 48. Bd7 Kf7 49. Rc7 Kg6 50. Bxe6 Re4 51. Rg7+ Kh5 52. Bf7+ Kh4 53. Bf6+ Kh3 54. Bg6 Re1+ 55. Kf2 Rc1 56. Bf5+ Kh2 57. Rh7 Rc2+ 58. Bxc2 1-0


[Site "https://www.chess.com"]